[Event "XIII Mediterranean Championship 2023"]
[Site "Castell-Platja d Aro"]
[Date "2023.11.07"]
[Round "5.10"]
[White "Lacasa Diaz, Jose Antonio"]
[Black "Domene Mulyukov, Alexander"]
[Result "1/2-1/2"]
[ECO "C00"]
[WhiteElo "2353"]
[BlackElo "2198"]
[Annotator "RC"]
[PlyCount "170"]
[EventDate "2023.10.26"]
[EventType "swiss"]
[EventCountry "ESP"]
[SourceTitle "playchess.com"]
[Source "ChessBase"]
[SourceQuality "1"]
[TimeControl "5400+30"]

1. e4 c5 2. Nf3 e6 3. g3 Nc6 4. Bg2 Nf6 5. d3 d5 6. Qe2 Be7 7. O-O O-O 8. e5 Nd7 9. c4 d4 10. h4 a6 11. Bf4 h6 12. h5 Re8 13. Nbd2 Nf8 14. Nh2 Nh7 15. Ng4 Kh8 16. Bxc6 bxc6 17. Ne4 Bd7 18. Qd2 Rf8 19. Kg2 Ng5 20. Bxg5 Bxg5 21. Nxg5 Qxg5 22. Qxg5 hxg5 23. h6 f5 24. hxg7+ Kxg7 25. Nf6 Be8 26. Rh1 Bg6 27. Nd7 f4 28. Nxc5 f3+ 29. Kf1 Rh8 30. Nxe6+ Kf7 31. Nxg5+ Ke7 32. Rxh8 Bxd3+ 33. Ke1 Rxh8 34. Kd2 Be2 35. Ne4 Rh2 36. Re1 Bxc4 37. b3 Be6 38. Kd3 c5 39. Nxc5 Rxf2 40. Kxd4 Rxa2 41. Rf1 f2 42. Nd3 Bxb3 43. Rxf2 Ra4+ 44. Ke3 Bf7 45. Rb2 Bd5 46. Rb4 Ra3 47. Kd4 a5 48. Rb6 Bg2 49. Rb2 Ba8 50. Rh2 Ra4+ 51. Kc5 Ke6 52. Rh6+ Kf5 53. Rf6+ Kg5 54. Rf8 Bb7 55. e6 Re4 56. Kd6 Rd4+ 57. Kc7 Rxd3 58. e7 Re3 59. e8=Q Rxe8 60. Rxe8 Bf3 61. Kb6 Kg4 62. Rg8+ Kh3 63. Kxa5 Bg4 64. Kb4 Kxg3 65. Kc3 Kf4 66. Kd4 Kf5 67. Rf8+ Ke6 68. Rh8 Bf3 69. Re8+ Kd7 70. Rf8 Bd1 71. Rf6 Bb3 72. Ke5 Ba2 73. Rd6+ Ke7 74. Ra6 Bb3 75. Ra7+ Ke8 76. Kd6 Bc4 77. Re7+ Kf8 78. Rc7 Bb3 79. Rb7 Bc4 80. Rb4 Ba2 81. Rf4+ Ke8 82. Rf1 Bb3 83. Rf2 Bc4 84. Kc5 Bb3 85. Rf8+ Kxf8 1/2-1/2

[Event "XIII Mediterranean Championship 2023"]
[Site "Castell-Platja d Aro"]
[Date "2023.11.07"]
[Round "5.11"]
[White "Banos, Oscar"]
[Black "Jimenez Ruano, Adrian"]
[Result "0-1"]
[ECO "D05"]
[WhiteElo "2188"]
[BlackElo "2281"]
[Annotator "RC"]
[PlyCount "70"]
[EventDate "2023.10.26"]
[EventType "swiss"]
[EventCountry "ESP"]
[SourceTitle "playchess.com"]
[Source "ChessBase"]
[SourceQuality "1"]
[TimeControl "5400+30"]

1. Nf3 Nf6 2. d4 d5 3. e3 e6 4. Bd3 c5 5. b3 Nbd7 6. Nbd2 Bd6 7. Bb2 Qc7 8. c4 cxd4 9. exd4 dxc4 10. bxc4 b6 11. O-O O-O 12. Qe2 Bb7 13. Rac1 Rac8 14. Rfe1 Rfe8 15. Ne5 Nf8 16. f4 Qe7 17. Rc2 Ba8 18. Rf1 Ba3 19. Ba1 Red8 20. f5 Re8 21. fxe6 Nxe6 22. Kh1 Bd6 23. Ng4 Nf4 24. Qxe7 Rxe7 25. Nxf6+ gxf6 26. Bf5 Bxg2+ 27. Kg1 Bxf1 28. Nxf1 Rce8 29. c5 bxc5 30. dxc5 Be5 31. Bxe5 Rxe5 32. Bd7 Rg5+ 33. Ng3 Re1+ 34. Kf2 Nd3+ 35. Kg2 Rxc5 0-1

[Event "XIII Mediterranean Championship 2023"]
[Site "Castell-Platja d Aro"]
[Date "2023.11.07"]
[Round "5.12"]
[White "Rojano Alfonso, Carlos"]
[Black "Makka, Ioulia"]
[Result "1-0"]
[ECO "A03"]
[WhiteElo "2207"]
[BlackElo "1900"]
[Annotator "RC"]
[PlyCount "77"]
[EventDate "2023.10.26"]
[EventType "swiss"]
[EventCountry "ESP"]
[SourceTitle "playchess.com"]
[Source "ChessBase"]
[SourceQuality "1"]
[TimeControl "5400+30"]

1. f4 Nf6 2. Nf3 g6 3. d3 d5 4. e3 Bg7 5. Be2 c5 6. O-O O-O 7. Qe1 Nc6 8. Kh1 Qc7 9. Qh4 b6 10. Nbd2 Nb4 11. Bd1 a5 12. Ne5 Ne8 13. Ndf3 f6 14. Ng4 h5 15. Nf2 f5 16. Qg3 Qd6 17. Nh4 Kh7 18. Nh3 Nc6 19. Ng5+ Kg8 20. Ngf3 Rf6 21. Ne5 Kh7 22. b3 Re6 23. Nf7 Bxa1 24. Nxd6 Nxd6 25. Bf3 Bb7 26. Bxd5 Rf6 27. Bd2 Bb2 28. Rb1 Ba3 29. Bc3 Raf8 30. Bxf6 Rxf6 31. e4 fxe4 32. dxe4 Nd4 33. Bxb7 Nxb7 34. f5 Nd6 35. fxg6+ Kg8 36. Qe3 Kg7 37. e5 Re6 38. Qg5 Ne4 39. Qf4 1-0

[Event "XIII Mediterranean Championship 2023"]
[Site "Castell-Platja d Aro"]
[Date "2023.11.07"]
[Round "5.13"]
[White "Menac Comas, Joan Ramon"]
[Black "Ventura Bolet, Alexandre"]
[Result "0-1"]
[ECO "B03"]
[WhiteElo "2044"]
[BlackElo "2238"]
[Annotator "RC"]
[PlyCount "60"]
[EventDate "2023.10.26"]
[EventType "swiss"]
[EventCountry "ESP"]
[SourceTitle "playchess.com"]
[Source "ChessBase"]
[SourceQuality "1"]
[TimeControl "5400+30"]

1. e4 Nf6 2. e5 Nd5 3. c4 Nb6 4. d4 d6 5. exd6 cxd6 6. Nc3 g6 7. a4 Bg7 8. a5 N6d7 9. Ra3 O-O 10. Nf3 e5 11. Be2 Nc6 12. d5 Ne7 13. O-O h6 14. b4 f5 15. c5 dxc5 16. bxc5 e4 17. Ng5 hxg5 18. d6 Nc6 19. Bc4+ Kh7 20. Nd5 Nde5 21. Ne7 f4 22. Nxc8 Nxc4 23. Rh3+ Bh6 24. Ne7 Nxe7 25. dxe7 Qxe7 26. Qd4 Nxa5 27. Re1 Rad8 28. Qc3 Nc6 29. Bb2 g4 30. Rxe4 Rd1+ 0-1

[Event "XIII Mediterranean Championship 2023"]
[Site "Castell-Platja d Aro"]
[Date "2023.11.07"]
[Round "5.14"]
[White "Martinez Pla, Xavier"]
[Black "Pham Guerrero, Sergi"]
[Result "0-1"]
[ECO "B72"]
[WhiteElo "2263"]
[BlackElo "2072"]
[Annotator "RC"]
[PlyCount "60"]
[EventDate "2023.10.26"]
[EventType "swiss"]
[EventCountry "ESP"]
[SourceTitle "playchess.com"]
[Source "ChessBase"]
[SourceQuality "1"]
[TimeControl "5400+30"]

1. e4 c5 2. Nf3 d6 3. d4 cxd4 4. Nxd4 Nf6 5. Nc3 g6 6. Be3 Nc6 7. f3 h5 8. Qd2 Nxd4 9. Bxd4 Bh6 10. Be3 Bxe3 11. Qxe3 Qa5 12. Bc4 Bd7 13. Bb3 Rc8 14. O-O-O Qc5 15. Qd2 b5 16. e5 Qxe5 17. Rhe1 Qxh2 18. Qg5 Kf8 19. Rxe7 Kxe7 20. Nd5+ Kf8 21. Nxf6 Bf5 22. Re1 Kg7 23. Nd5 Rhe8 24. Ne7 Rc5 25. Qd2 Kh7 26. Bxf7 Rxe7 27. Rxe7 Rxc2+ 28. Qxc2 Bxc2 29. Bb3+ Kh6 30. Bxc2 Qg1+ 0-1

[Event "XIII Mediterranean Championship 2023"]
[Site "Castell-Platja d Aro"]
[Date "2023.11.07"]
[Round "5.15"]
[White "Martin Barcelo, Carles"]
[Black "Garcia Paolicchi, Raul"]
[Result "1-0"]
[ECO "B07"]
[WhiteElo "2242"]
[BlackElo "2051"]
[Annotator "RC"]
[PlyCount "75"]
[EventDate "2023.10.26"]
[EventType "swiss"]
[EventCountry "ESP"]
[SourceTitle "playchess.com"]
[Source "ChessBase"]
[SourceQuality "1"]
[TimeControl "5400+30"]

1. e4 d6 2. d4 Nf6 3. Nc3 e5 4. Nge2 Be7 5. h3 O-O 6. g4 c6 7. Bg2 Nbd7 8. a4 Re8 9. g5 Nh5 10. Bf3 Nf4 11. Nxf4 exf4 12. h4 Qb6 13. a5 Qd8 14. Bxf4 f5 15. O-O Nf8 16. Bg3 fxe4 17. Nxe4 d5 18. Nc5 Bd6 19. Re1 Bxg3 20. fxg3 Rxe1+ 21. Qxe1 Qc7 22. Ra3 Rb8 23. Re3 b6 24. axb6 axb6 25. Nd3 Bf5 26. Re7 Qd6 27. Qe5 Qxe5 28. Nxe5 Rc8 29. Nxc6 Rxc6 30. Bxd5+ Re6 31. c4 Kh8 32. Bxe6 Bxe6 33. d5 Bd7 34. b4 Ba4 35. c5 bxc5 36. bxc5 Kg8 37. c6 Ng6 38. Ra7 1-0

[Event "XIII Mediterranean Championship 2023"]
[Site "Castell-Platja d Aro"]
[Date "2023.11.07"]
[Round "5.16"]
[White "Alonso Gimenez, Mauro"]
[Black "Vehi Bach, Victor Manuel"]
[Result "0-1"]
[ECO "B40"]
[WhiteElo "1978"]
[BlackElo "2216"]
[Annotator "RC"]
[PlyCount "96"]
[EventDate "2023.10.26"]
[EventType "swiss"]
[EventCountry "ESP"]
[SourceTitle "playchess.com"]
[Source "ChessBase"]
[SourceQuality "1"]
[TimeControl "5400+30"]

1. e4 c5 2. Nc3 a6 3. g3 b5 4. Bg2 Bb7 5. d3 e6 6. Nf3 d6 7. O-O Nf6 8. Ne1 Nc6 9. f4 Be7 10. Nf3 Qc7 11. e5 dxe5 12. Nxe5 O-O 13. Be3 Nxe5 14. Bxb7 Neg4 15. Bxa8 Nxe3 16. Qf3 Nxf1 17. Rxf1 c4 18. Be4 Nxe4 19. dxe4 b4 20. Nd1 Qa5 21. Qg4 Qxa2 22. f5 exf5 23. exf5 Bf6 24. h4 c3 25. bxc3 bxc3 26. Ne3 Rd8 27. Kg2 Qa5 28. Qe4 Qb5 29. Ng4 Rd2+ 30. Rf2 h5 31. Nxf6+ gxf6 32. Qa8+ Kg7 33. Qf3 Qc5 34. Rxd2 cxd2 35. Qd3 Qb4 36. Kf2 a5 37. Ke2 a4 38. Qxd2 Qg4+ 39. Kf2 Qxf5+ 40. Kg2 a3 41. Qc3 a2 42. Qb2 Qa5 43. Qa1 Qa4 44. Kh3 Qxc2 45. g4 Qb1 46. Qc3 a1=Q 47. Qg3 Qh1+ 48. Qh2 Qc3# 0-1

[Event "XIII Mediterranean Championship 2023"]
[Site "Castell-Platja d Aro"]
[Date "2023.11.07"]
[Round "5.17"]
[White "Jimenez Fernandez, Rebeca"]
[Black "Valle Luis, Leo"]
[Result "1/2-1/2"]
[ECO "B15"]
[WhiteElo "2053"]
[BlackElo "2216"]
[Annotator "RC"]
[PlyCount "154"]
[EventDate "2023.10.26"]
[EventType "swiss"]
[EventCountry "ESP"]
[SourceTitle "playchess.com"]
[Source "ChessBase"]
[SourceQuality "1"]
[TimeControl "5400+30"]

1. e4 c6 2. d4 d5 3. Nc3 dxe4 4. Nxe4 Nf6 5. Nxf6+ exf6 6. c3 Bd6 7. Bd3 O-O 8. Ne2 Re8 9. Qc2 h5 10. Be3 Nd7 11. O-O-O Nf8 12. Kb1 Be6 13. c4 Rc8 14. a3 b5 15. c5 Bb8 16. d5 Bxd5 17. Nc3 a6 18. Nxd5 cxd5 19. g4 h4 20. h3 Qe7 21. b4 Rcd8 22. Bc1 Ne6 23. Rhe1 Qc7 24. Bf1 Qh2 25. Qf5 Be5 26. Bd3 g6 27. Qf3 Bd4 28. Re2 Qc7 29. Bc2 Be5 30. Bb2 Bxb2 31. Kxb2 Kg7 32. Bb3 Ng5 33. Qd3 Rxe2+ 34. Qxe2 Nxh3 35. Qf3 Nf4 36. Kb1 Qe5 37. Kc2 d4 38. Qb7 d3+ 39. Kb1 Nd5 40. Rxd3 Nc3+ 41. Rxc3 Qxc3 42. Qxf7+ Kh8 43. Bc2 Qe1+ 44. Kb2 Qe5+ 45. Kb1 Qe1+ 46. Kb2 Qe8 47. Qxf6+ Kh7 48. Bxg6+ Qxg6 49. Qxh4+ Kg7 50. Qxd8 Qxg4 51. Kc3 Qc4+ 52. Kb2 Qe2+ 53. Kc1 Qc4+ 54. Kd1 Qf1+ 55. Kd2 Qxf2+ 56. Kc3 Qe1+ 57. Qd2 Qa1+ 58. Qb2 Qf1 59. Kd2+ Kf7 60. Qb3+ Kf8 61. Qe3 Qg2+ 62. Kd3 Qd5+ 63. Ke2 Qc4+ 64. Kf3 Qd5+ 65. Kf4 Kf7 66. Qf3 Qd4+ 67. Kg5+ Ke7 68. Qb7+ Kd8 69. Qb6+ Ke7 70. Qc7+ Ke6 71. Qc8+ Ke7 72. Qb7+ Kd8 73. Kf5 Qf2+ 74. Ke5 Qg3+ 75. Kd4 Qf2+ 76. Kd3 Qg3+ 77. Kd4 Qf2+ 1/2-1/2

[Event "XIII Mediterranean Championship 2023"]
[Site "Castell-Platja d Aro"]
[Date "2023.11.07"]
[Round "5.18"]
[White "Fortuny Profitos, Jordi"]
[Black "De Lussac, Estephe"]
[Result "1/2-1/2"]
[ECO "D00"]
[WhiteElo "2135"]
[BlackElo "2013"]
[Annotator "RC"]
[PlyCount "99"]
[EventDate "2023.10.26"]
[EventType "swiss"]
[EventCountry "ESP"]
[SourceTitle "playchess.com"]
[Source "ChessBase"]
[SourceQuality "1"]
[TimeControl "5400+30"]

1. d4 d5 2. Bf4 Nf6 3. e3 Bg4 4. f3 Bd7 5. Bd3 c5 6. c3 Nc6 7. Nd2 Nh5 8. Bg5 h6 9. Bh4 g5 10. f4 Nxf4 11. exf4 gxh4 12. dxc5 a5 13. a4 Rg8 14. Qe2 Bg4 15. Ngf3 e6 16. Qf2 Bxf3 17. Nxf3 d4 18. cxd4 Bxc5 19. dxc5 Qxd3 20. Qe2 Qxe2+ 21. Kxe2 Rxg2+ 22. Ke3 Rd8 23. Nxh4 Rxb2 24. Rab1 Rdd2 25. f5 Rxh2 26. Rxh2 Rxb1 27. fxe6 fxe6 28. Ng6 Rb3+ 29. Ke4 Rc3 30. Rxh6 Rxc5 31. Nf4 Kd7 32. Rh7+ Kc8 33. Rh8+ Kd7 34. Rh7+ Kd6 35. Rxb7 Rc4+ 36. Ke3 Rxa4 37. Rb6 Rb4 38. Ra6 Rb3+ 39. Kd2 e5 40. Nd3 e4 41. Nc1 Rb4 42. Kc3 Kd5 43. Rxa5+ Nxa5 44. Kxb4 Kd4 45. Kxa5 Ke3 46. Kb4 Kd2 47. Kc4 e3 48. Nd3 e2 49. Kd4 e1=B 50. Ne5 1/2-1/2

[Event "XIII Mediterranean Championship 2023"]
[Site "Castell-Platja d Aro"]
[Date "2023.11.07"]
[Round "5.19"]
[White "Andreu Lopez, Santiago"]
[Black "Rodriguez Redondo, Adhara"]
[Result "0-1"]
[ECO "A07"]
[WhiteElo "1834"]
[BlackElo "2117"]
[Annotator "RC"]
[PlyCount "130"]
[EventDate "2023.10.26"]
[EventType "swiss"]
[EventCountry "ESP"]
[SourceTitle "playchess.com"]
[Source "ChessBase"]
[SourceQuality "1"]
[TimeControl "5400+30"]

1. Nf3 d5 2. g3 Nd7 3. Bg2 e5 4. d3 Ngf6 5. O-O Bd6 6. c4 c6 7. cxd5 cxd5 8. Nc3 O-O 9. Bd2 Re8 10. Nh4 Nb6 11. a4 Be6 12. Nb5 Bb8 13. a5 Nc8 14. a6 b6 15. Nf3 h6 16. Qb3 Qd7 17. Rac1 Nd6 18. Na3 Nf5 19. Qb5 Bd6 20. Bc3 Bxa3 21. Qxd7 Nxd7 22. bxa3 f6 23. Bb4 Nb8 24. Rc2 Nxa6 25. Rfc1 Rad8 26. Bh3 Nd4 27. Nxd4 Bxh3 28. Nb5 Rd7 29. Rc8 Rxc8 30. Rxc8+ Kh7 31. Ra8 Nc7 32. Nxc7 Rxc7 33. f3 a5 34. Bf8 Bc8 35. Rb8 Bb7 36. Re8 Kg6 37. Re7 Rxe7 38. Bxe7 b5 39. Kf2 Kf7 40. Bc5 g6 41. Ke1 Ke6 42. Kd2 d4 43. Kc2 Bd5 44. Bb6 b4 45. axb4 axb4 46. Bc5 b3+ 47. Kd2 Bc6 48. Ba3 h5 49. Bb2 Kf5 50. Ke1 g5 51. Kf2 g4 52. Bc1 Bb5 53. Bb2 Ba6 54. Bc1 Ke6 55. Bb2 Bb5 56. Bc1 Kd5 57. Bb2 f5 58. Bc1 gxf3 59. Kxf3 e4+ 60. dxe4+ fxe4+ 61. Kf2 Kc4 62. Bb2 e3+ 63. Ke1 Bd7 64. Kd1 Bg4 65. Ke1 d3 0-1

[Event "XIII Mediterranean Championship 2023"]
[Site "Castell-Platja d Aro"]
[Date "2023.11.07"]
[Round "5.20"]
[White "Makka, Evanthia"]
[Black "Galvan Cipriani, Viviana"]
[Result "1-0"]
[ECO "D05"]
[WhiteElo "2004"]
[BlackElo "2077"]
[Annotator "RC"]
[PlyCount "186"]
[EventDate "2023.10.26"]
[EventType "swiss"]
[EventCountry "ESP"]
[SourceTitle "playchess.com"]
[Source "ChessBase"]
[SourceQuality "1"]
[TimeControl "5400+30"]

1. d4 Nf6 2. Nf3 c5 3. e3 e6 4. Bd3 Nc6 5. O-O Qc7 6. c3 d5 7. Nbd2 Bd6 8. dxc5 Bxc5 9. e4 e5 10. exd5 Nxd5 11. Ne4 Be7 12. Nfg5 Nb6 13. Qb3 Bxg5 14. Nxg5 h6 15. Ne4 Be6 16. Qc2 Nd7 17. Ng3 Nc5 18. Bf5 g6 19. Bxe6 Nxe6 20. Rd1 f5 21. h4 h5 22. Nf1 Kf7 23. Ne3 Ne7 24. b3 Rhd8 25. Ba3 Rac8 26. Nc4 Nc5 27. Qe2 e4 28. Qe3 b6 29. Qh6 Kg8 30. Ne3 Qe5 31. c4 Qf6 32. Rab1 Qg7 33. Qg5 Nc6 34. Bb2 Ne6 35. Bxg7 Nxg5 36. Rxd8+ Nxd8 37. Bb2 Nge6 38. Rd1 Rc7 39. Nd5 Rb7 40. Nf6+ Kf7 41. Rd6 Ke7 42. Be5 Kf7 43. Nd5 Ke8 44. Bf6 Rd7 45. Rxd7 Kxd7 46. g3 Nc6 47. Bc3 Ncd4 48. Kg2 Nf3 49. Kf1 Ke8 50. Ke2 Kd7 51. Ke3 Nh2 52. a4 Nc5 53. b4 Ng4+ 54. Ke2 Nd3 55. Bd4 Nc1+ 56. Kf1 Nd3 57. a5 bxa5 58. b5 Nge5 59. c5 a4 60. c6+ Nxc6 61. bxc6+ Kxc6 62. Nc3 a5 63. Nxa4 Kb5 64. Nb2 Nc1 65. Nd1 Kc4 66. Bf6 Kb3 67. Ne3 a4 68. Nd5 a3 69. Ne7 Nd3 70. Ba1 Ka2 71. Bd4 Kb1 72. Nd5 Kc2 73. Ke2 Nb2 74. Nc3 Kb3 75. Ke3 Nc4+ 76. Kf4 Nd2 77. Bf6 Nf3 78. Nb5 Ka4 79. Nd4 Nh2 80. Nc2 Nf3 81. Nd4 Nh2 82. Ne2 Nf3 83. Nc3+ Kb4 84. Nd5+ Kc4 85. Ne3+ Kb3 86. Nf1 Kc2 87. Bg7 a2 88. Ne3+ Kd3 89. Ba1 Nd2 90. Kg5 Nb3 91. Bb2 Ke2 92. Kxg6 Kxf2 93. Nxf5 a1=Q 1-0

[Event "XIII Mediterranean Championship 2023"]
[Site "Castell-Platja d Aro"]
[Date "2023.11.07"]
[Round "5.21"]
[White "Mateu Guiu, Esteve"]
[Black "De Lomas Busquets, Alba"]
[Result "1/2-1/2"]
[ECO "E06"]
[WhiteElo "2075"]
[BlackElo "1873"]
[Annotator "RC"]
[PlyCount "156"]
[EventDate "2023.10.26"]
[EventType "swiss"]
[EventCountry "ESP"]
[SourceTitle "playchess.com"]
[Source "ChessBase"]
[SourceQuality "1"]
[TimeControl "5400+30"]

1. d4 d5 2. c4 e6 3. Nf3 Be7 4. g3 Nf6 5. Bg2 h6 6. Nc3 O-O 7. O-O dxc4 8. Ne5 c5 9. dxc5 Bxc5 10. Nxc4 Nc6 11. Bf4 Qe7 12. Bd6 Bxd6 13. Qxd6 Nd5 14. Qxe7 Ncxe7 15. Rac1 Rb8 16. Rfd1 b5 17. Nxd5 Nxd5 18. Ne5 Re8 19. e4 Nf6 20. Rc7 Bb7 21. Nxf7 Rec8 22. Rxc8+ Rxc8 23. Nd6 Rd8 24. e5 Bxg2 25. Kxg2 Ng4 26. Re1 Nxe5 27. Rxe5 Rxd6 28. Rxb5 Rd7 29. a4 Kf7 30. h4 g6 31. Rb8 Kf6 32. b4 Rd4 33. Kf3 g5 34. hxg5+ hxg5 35. Rb5 e5 36. Ke3 g4 37. a5 Kf5 38. Rb7 Kf6 39. b5 Rd5 40. b6 Rxa5 41. bxa7 Ke6 42. Kd3 Kd6 43. Ke4 Ke6 44. Rh7 Ra4+ 45. Kd3 Kd5 46. Kc3 Kc5 47. Kb3 Ra6 48. Rg7 Rb6+ 49. Kc3 Ra6 50. Kd3 Kd5 51. Ke3 Ra3+ 52. Ke2 Ra2+ 53. Kf1 Ke4 54. Kg2 Kf5 55. Rf7+ Ke6 56. Rg7 Kf5 57. Kf1 Ke4 58. Kg2 Kf5 59. Kf1 Ke4 60. Ke1 Kd3 61. Rd7+ Kc3 62. Kd1 Kc4 63. Kc1 Kc3 64. Kd1 Kc4 65. Ke1 Kc5 66. Kf1 Kc6 67. Rg7 Kd5 68. Kg2 Ke6 69. Rxg4 Rxa7 70. Rb4 Kf5 71. g4+ Kg5 72. Kg3 Ra3+ 73. f3 Ra5 74. Rb8 Ra3 75. Re8 Kf6 76. Rf8+ Kg7 77. Rf5 e4 78. Rf4 Rxf3+ 1/2-1/2

[Event "XIII Mediterranean Championship 2023"]
[Site "Castell-Platja d Aro"]
[Date "2023.11.07"]
[Round "5.22"]
[White "Pla Almenar, Nel"]
[Black "Vinals Rioja, Jaume"]
[Result "1-0"]
[ECO "B76"]
[WhiteElo "2070"]
[BlackElo "1838"]
[Annotator "NA RC"]
[PlyCount "133"]
[EventDate "2023.10.26"]
[EventType "swiss"]
[EventCountry "ESP"]
[SourceTitle "playchess.com"]
[Source "ChessBase"]
[SourceQuality "1"]
[TimeControl "5400+30"]

1. e4 c5 2. Nf3 d6 3. d4 cxd4 4. Nxd4 Nf6 5. Nc3 g6 6. Be3 Bg7 7. f3 O-O 8. Qd2 Nc6 9. O-O-O Nxd4 10. Bxd4 Qa5 11. Kb1 Re8 12. Bc4 Be6 13. Bb3 b5 14. g4 b4 15. Ne2 Qb5 16. g5 Nh5 17. Bxg7 Nxg7 18. Nd4 Qc5 19. Nxe6 Nxe6 20. Bxe6 fxe6 21. h4 Rf8 22. h5 Rxf3 23. hxg6 Rf2 24. gxh7+ Kh8 25. Qd4+ Qxd4 26. Rxd4 Raf8 27. b3 a5 28. e5 d5 29. Rdh4 Rg2 30. Rh6 Rxg5 31. Rxe6 Rf7 32. Kb2 Rxh7 33. Rxh7+ Kxh7 34. Rxe7+ Kg6 35. Ra7 Rxe5 36. Rxa5 Kf6 37. Rb5 Ke6 38. Rxb4 Kd6 39. a4 Kc5 40. Rb8 Re6 41. Ka3 d4 42. Rc8+ Kb6 43. Kb4 Re4 44. Kc4 Rh4 45. Rd8 Rh2 46. Rd6+ Kc7 47. Rxd4 Rxc2+ 48. Kb5 Rh2 49. Rd5 Rh7 50. a5 Kb7 51. b4 Rg7 52. a6+ Ka7 53. Kc6 Rg6+ 54. Rd6 Rg1 55. Rd7+ Ka8 56. b5 Rc1+ 57. Kb6 Rc8 58. Rf7 Rh8 59. Rc7 Kb8 60. Rb7+ Ka8 61. Re7 Rg8 62. Kc7 Rc8+ 63. Kd7 Rc1 64. b6 Rd1+ 65. Kc8 Rc1+ 66. Rc7 Rxc7+ 67. bxc7 1-0

[Event "XIII Mediterranean Championship 2023"]
[Site "Castell-Platja d Aro"]
[Date "2023.11.07"]
[Round "5.23"]
[White "Vinolas Anglada, Laura"]
[Black "Clot Chico, Arnau"]
[Result "0-1"]
[ECO "C16"]
[WhiteElo "1884"]
[BlackElo "2008"]
[Annotator "RC"]
[PlyCount "82"]
[EventDate "2023.10.26"]
[EventType "swiss"]
[EventCountry "ESP"]
[SourceTitle "playchess.com"]
[Source "ChessBase"]
[SourceQuality "1"]
[TimeControl "5400+30"]

1. e4 e6 2. d4 d5 3. Nc3 Bb4 4. e5 b6 5. Nf3 Ba6 6. Bxa6 Bxc3+ 7. bxc3 Nxa6 8. O-O Ne7 9. Bg5 c5 10. Ne1 cxd4 11. cxd4 Rc8 12. c3 Nb8 13. Rc1 Qd7 14. Nd3 Nbc6 15. Qg4 Nf5 16. Qh3 O-O 17. g4 Nfe7 18. Qf3 Kh8 19. Kh1 Ng8 20. Qg3 f6 21. Bf4 fxe5 22. Nxe5 Nxe5 23. Bxe5 Qf7 24. Kg2 Nf6 25. f3 Rc4 26. Rfe1 Rfc8 27. Re3 Nd7 28. Rc2 h6 29. h4 b5 30. g5 Nxe5 31. Qxe5 b4 32. Qd6 R8c6 33. Qd8+ Kh7 34. Qa5 Qf4 35. Rd3 Qxh4 36. gxh6 e5 37. Kf1 Qh1+ 38. Ke2 Rg6 39. Rdd2 Rg2+ 40. Kd3 e4+ 41. Ke3 Qxh6+ 0-1

[Event "XIII Mediterranean Championship 2023"]
[Site "Castell-Platja d Aro"]
[Date "2023.11.07"]
[Round "5.24"]
[White "Zvereva, Marija"]
[Black "Lunin Bohomolets, Iliia"]
[Result "1/2-1/2"]
[ECO "B40"]
[WhiteElo "2144"]
[BlackElo "1850"]
[Annotator "RC"]
[PlyCount "62"]
[EventDate "2023.10.26"]
[EventType "swiss"]
[EventCountry "ESP"]
[SourceTitle "playchess.com"]
[Source "ChessBase"]
[SourceQuality "1"]
[TimeControl "5400+30"]

1. e4 c5 2. Nf3 e6 3. g3 Nc6 4. Bg2 Nf6 5. d3 e5 6. O-O Be7 7. Nbd2 O-O 8. Nc4 d6 9. a4 h6 10. c3 Be6 11. Re1 a6 12. Na3 Qb6 13. Qe2 Na5 14. Nd2 Qc7 15. f4 Bd7 16. Nac4 b5 17. axb5 axb5 18. Ne3 Nc6 19. Rxa8 Rxa8 20. Nd5 Qb8 21. Nxe7+ Nxe7 22. fxe5 dxe5 23. Nf1 Ra4 24. Ne3 Be6 25. Nd5 Nexd5 26. exd5 Bxd5 27. Bxd5 Nxd5 28. Qxe5 Qxe5 29. Rxe5 Ra1 30. Rxd5 Rxc1+ 31. Kg2 Rc2+ 1/2-1/2

[Event "XIII Mediterranean Championship 2023"]
[Site "Castell-Platja d Aro"]
[Date "2023.11.07"]
[Round "5.26"]
[White "Canigueral Salvado, Jaume"]
[Black "Leon Escoda, Manel"]
[Result "1/2-1/2"]
[ECO "B55"]
[WhiteElo "1853"]
[BlackElo "1682"]
[Annotator "NA RC"]
[PlyCount "109"]
[EventDate "2023.10.26"]
[EventType "swiss"]
[EventCountry "ESP"]
[SourceTitle "playchess.com"]
[Source "ChessBase"]
[SourceQuality "1"]
[TimeControl "5400+30"]

1. e4 c5 2. Nf3 d6 3. d4 cxd4 4. Nxd4 Nf6 5. Bb5+ Nbd7 6. Nc3 a6 7. Bxd7+ Bxd7 8. O-O e6 9. h3 Be7 10. Be3 b5 11. a3 O-O 12. Qd2 Rc8 13. Rad1 Qc7 14. Bg5 Rfd8 15. Rfe1 Qc4 16. Nf3 b4 17. axb4 h6 18. Bf4 Bc6 19. Qd4 Bb7 20. Qb6 Bxe4 21. Rd4 Qc6 22. Qxc6 Bxc6 23. Rdd1 Nd5 24. Nxd5 Bxd5 25. Rxd5 exd5 26. Rxe7 Rxc2 27. Ra7 Rxb2 28. Rxa6 Rb1+ 29. Kh2 Rxb4 30. Bxd6 Rc4 31. Be7 Re8 32. Ba3 Re2 33. Rd6 Rxf2 34. Rxd5 Rcc2 35. Ne1 Rce2 36. Bc5 Rf1 37. Nd3 Rd1 38. Bb4 Re3 39. Nf4 Rxd5 40. Nxd5 Rd3 41. Ne7+ Kh7 42. Nf5 g6 43. Ng3 f5 44. Nf1 g5 45. Bc5 Kg6 46. Ng3 h5 47. Ne2 h4 48. Bg1 Rd2 49. Nc3 Rc2 50. Nd5 g4 51. hxg4 fxg4 52. Ne3 g3+ 53. Kh3 Rc1 54. Kxh4 Rxg1 55. Kxg3 1/2-1/2

[Event "XIII Mediterranean Championship 2023"]
[Site "Castell-Platja d Aro"]
[Date "2023.11.07"]
[Round "5.27"]
[White "Vidal Traves, Marti"]
[Black "Garcia Rodriguez, Laia"]
[Result "1-0"]
[ECO "E01"]
[WhiteElo "1631"]
[BlackElo "1811"]
[Annotator "NA RC"]
[PlyCount "101"]
[EventDate "2023.10.26"]
[EventType "swiss"]
[EventCountry "ESP"]
[SourceTitle "playchess.com"]
[Source "ChessBase"]
[SourceQuality "1"]
[TimeControl "5400+30"]

1. d4 d5 2. c4 c6 3. Nf3 Nf6 4. g3 e6 5. Bg2 Nbd7 6. O-O Bd6 7. Nbd2 O-O 8. Qc2 b6 9. e4 dxe4 10. Nxe4 Nxe4 11. Qxe4 Bb7 12. Ne5 Nxe5 13. dxe5 Bc5 14. Be3 Qe7 15. Bxc5 Qxc5 16. Rab1 a5 17. a3 a4 18. Rfd1 Rfd8 19. Rbc1 h6 20. Qh4 Rxd1+ 21. Rxd1 Qxe5 22. Rd8+ Rxd8 23. Qxd8+ Kh7 24. Qxb6 Bc8 25. Qxc6 Qb8 26. Qxa4 Qxb2 27. h4 e5 28. Qb4 Qc1+ 29. Kh2 Be6 30. Qc5 Qxc4 31. Qxe5 Qa2 32. Qe3 h5 33. Be4+ g6 34. Qf3 Bg4 35. Qf4 Kg7 36. Qe5+ Kg8 37. Qc5 Qe2 38. Qe3 Qa2 39. Kg2 Be6 40. Qc3 Qe2 41. Bc6 Bc4 42. Qe3 Qa2 43. a4 Be6 44. Qc5 Bc4 45. a5 Qe2 46. Qb6 Qf1+ 47. Kh2 Ba6 48. Bd5 Kg7 49. Qd4+ Kh7 50. Qf6 Bc8 51. Qxf7+ 1-0

[Event "XIII Mediterranean Championship 2023"]
[Site "Castell-Platja d Aro"]
[Date "2023.11.07"]
[Round "5.28"]
[White "Vidal Palou, Jordi"]
[Black "Hernando Rodrigo, Inmaculada"]
[Result "1-0"]
[ECO "A45"]
[WhiteElo "1620"]
[BlackElo "1734"]
[Annotator "NA RC"]
[PlyCount "99"]
[EventDate "2023.10.26"]
[EventType "swiss"]
[EventCountry "ESP"]
[SourceTitle "playchess.com"]
[Source "ChessBase"]
[SourceQuality "1"]
[TimeControl "5400+30"]

1. d4 Nf6 2. Bf4 d6 3. e3 Bf5 4. Bd3 Bxd3 5. Qxd3 Nbd7 6. Nf3 c5 7. c3 g6 8. Nbd2 Bg7 9. h3 O-O 10. Ne4 Nxe4 11. Qxe4 b5 12. O-O a5 13. dxc5 Nxc5 14. Qd5 b4 15. Rac1 bxc3 16. bxc3 Rb8 17. e4 Na4 18. e5 dxe5 19. Qxd8 Rfxd8 20. Bxe5 Bxe5 21. Nxe5 Rbc8 22. c4 Rc5 23. Ng4 Rd2 24. Rfe1 h5 25. Ne5 Nb2 26. Nf3 Rd7 27. Rc2 Nd3 28. Rb1 Nb4 29. Rcb2 e5 30. a3 Nd3 31. Rb5 Rxc4 32. Rxa5 e4 33. Nd2 Rcd4 34. Ra8+ Kg7 35. Nb3 Rb7 36. Nxd4 Rxb1+ 37. Kh2 Nxf2 38. Kg3 e3 39. a4 Rb4 40. Ne2 f5 41. Kf3 Nd3 42. Kxe3 Nc5 43. a5 Re4+ 44. Kd2 Ra4 45. Kc3 Kf6 46. h4 Rxh4 47. Nd4 Ne6 48. Ra6 Ke5 49. Nf3+ Kd5 50. Nxh4 1-0